Marlies vs Little Stars
Created - October 19, 2024 at 22:26
Goals
|
| Marlies |
1 |
1 |
1 |
3 |
| Little Stars |
4 |
1 |
3 |
8 |
|
Shots
|
| Marlies |
9 |
6 |
12 |
27 |
| Little Stars |
12 |
12 |
15 |
39 |
|
1st period
1. Little Stars , Aidan Mcdonough 1 (Filip Chytil 1) at 0:58
2. Little Stars , Matt Luff 1 (Daniel O'regan 1, Aidan Mcdonough 1) at 8:52
3. Little Stars , Aidan Mcdonough 2 (Filip Chytil 2) at 10:04
4. Little Stars , Matt Luff 2 (Daniel O'regan 2) at 10:10
5. Marlies , Matthew Highmore 1 (Joel Farabee 1) at 13:07
Penalties :
Isac Lundestrom (Tor) for Roughing (Minor) at 3:33, Keaton Thompson (Tor) for Hooking (Minor) at 10:17, Pierre-Olivier Joseph (Tor) for Cross-checking (Minor) at 16:56
2nd period
6. Marlies , Joel Farabee 1 (Keaton Thompson 1) at 11:00
7. Little Stars , Jonathan Dahlen 1 (Jason Dickinson 1) at 12:02
Penalties :
Pierre-Olivier Joseph (Tor) for High sticking (Minor) at 6:38, Martin Necas (Tor) for Tripping (Minor) at 12:17
3rd period
8. Little Stars , Samuel Girard 1 (Jonathan Dahlen 1, Jason Dickinson 2) at 6:11 (PP)
9. Little Stars , Emile Poirier 1 (Daniel O'regan 3, Matt Luff 1) at 8:38 (PP)
10. Little Stars , Samuel Girard 2 (Daniel O'regan 4, Danil Tarasov) at 13:51 (PP)
11. Marlies , Joel Farabee 2 (Pierre-Olivier Joseph 1, Mathieu Olivier 1) at 14:46
Penalties :
Mathieu Olivier (Tor) for Roughing (Minor) at 6:00, Dmitri Samorukov (Tor) for Tripping (Minor) at 8:28, Lias Andersson (Tor) for High sticking (Minor) at 12:56, Dennis Gilbert (Tor) for Tripping (Minor) at 15:21
Goalie Stats
Logan Thompson (Tor), 28 saves from 32 shots - (0.875), 49:50 minutes
Maxime Lagace (Tor), 3 saves from 7 shots - (0.429), L, 0-1-0, 10:10 minutes
Danil Tarasov (Tex), 24 saves from 27 shots - (0.889), W, 1-0-0, 60:00 minutes
Players Stats for Marlies
Player Name G A P +/- PIM S H SB GA TA FO MP PP MP PK MP
------------------------------------------------------------------------------------
Aleksi Saarela 0 0 0 -2 0 7 2 0 0 0 18/41 23:42 0:00 7:46
Alex Formenton 0 0 0 -1 0 0 1 0 1 0 0/0 14:13 0:00 0:55
Arthur Kaliyev 0 0 0 0 0 0 0 0 0 0 0/0 6:35 0:00 0:00
Dennis Gilbert 0 0 0 0 2 0 1 2 0 0 0/0 10:20 0:00 0:00
Dmitri Samorukov 0 0 0 0 2 0 0 2 0 3 0/0 12:56 0:00 2:53
Hugh McGing 0 0 0 0 0 0 0 0 0 0 0/0 6:35 0:00 0:00
Isac Lundestrom 0 0 0 0 2 0 0 0 0 0 0/1 7:29 0:00 0:20
Jacob Bernard-Docker 0 0 0 0 0 0 1 1 0 0 0/0 4:34 0:00 0:35
Jakob Forsbacka-Karlsson 0 0 0 0 0 0 0 0 0 0 0/0 0:00 0:00 0:00
Jan Jenik 0 0 0 0 0 0 0 0 0 0 0/0 0:00 0:00 0:00
Joel Farabee 2 1 3 1 0 4 1 0 1 0 0/0 9:33 0:00 0:00
Jonathan Davidsson 0 0 0 0 0 0 0 0 0 0 0/0 0:00 0:00 0:00
Keaton Thompson 0 1 1 -2 2 2 0 1 0 1 0/0 20:22 0:00 4:24
Kole Sherwood 0 0 0 1 0 3 3 0 0 0 0/0 9:33 0:00 0:00
Lias Andersson 0 0 0 -1 2 2 0 1 0 0 5/8 13:10 0:00 0:00
Lucas Carlsson 0 0 0 0 0 0 1 1 0 0 0/0 26:11 0:00 7:35
Martin Necas 0 0 0 -2 2 1 0 1 0 0 1/3 20:13 0:00 3:43
Mathieu Olivier 0 1 1 -1 2 2 1 0 0 1 0/1 18:47 0:00 4:30
Matthew Highmore 1 0 1 1 0 1 0 1 0 0 5/6 9:33 0:00 0:00
Otto Koivula 0 0 0 0 0 0 0 0 0 0 0/0 0:00 0:00 0:00
Pierre-Olivier Joseph 0 1 1 0 4 3 1 1 0 1 0/0 26:39 0:00 5:18
Rasmus Dahlin 0 0 0 -2 0 1 1 0 0 0 0/0 20:53 0:00 5:35
Samuel Fagemo 0 0 0 0 0 0 0 0 0 0 0/0 1:45 0:00 1:45
Tyler Benson 0 0 0 -2 0 1 2 0 0 0 0/3 23:38 0:00 7:21
Vasili Podkolzin 0 0 0 0 0 0 0 0 0 0 0/0 0:00 0:00 0:00
Players Stats for Little Stars
Player Name G A P +/- PIM S H SB GA TA FO MP PP MP PK MP
------------------------------------------------------------------------------------
Aidan Mcdonough 2 1 3 2 0 2 3 0 2 0 0/0 10:43 0:00 0:00
Cal Burke 0 0 0 2 0 1 0 0 0 0 0/0 10:43 0:00 0:00
Connor Mackey 0 0 0 0 0 1 0 2 0 0 0/0 10:46 0:00 0:00
Daniel O'regan 0 4 4 1 0 5 7 3 0 0 25/40 25:03 8:12 0:00
Emile Poirier 1 0 1 1 0 6 0 0 0 0 0/0 24:19 7:57 0:00
Filip Chytil 0 2 2 2 0 1 1 0 0 0 2/3 11:27 0:15 0:00
Jason Dickinson 0 2 2 1 0 1 3 1 1 0 4/13 16:24 4:58 0:00
Joey Anderson 0 0 0 -2 0 2 1 0 0 0 0/1 8:34 0:15 0:00
Jonathan Dahlen 1 1 2 1 0 5 1 1 1 0 0/0 16:24 4:58 0:00
Justin Auger 0 0 0 1 0 1 1 0 0 0 0/0 16:24 4:58 0:00
Lawrence Pilut 0 0 0 0 0 2 2 1 0 0 0/0 10:46 0:00 0:00
Matt Luff 2 1 3 1 0 3 3 1 1 0 1/1 24:19 7:57 0:00
Radel Fazleev 0 0 0 -2 0 2 1 0 0 0 2/5 7:50 0:00 0:00
Reece Willcox 0 0 0 2 0 1 0 1 0 0 0/0 28:20 7:43 0:00
Rudolfs Balcers 0 0 0 -2 0 0 2 0 0 0 0/0 7:50 0:00 0:00
Samuel Girard 2 0 2 2 0 4 2 1 1 0 0/0 28:20 7:43 0:00
Tucker Poolman 0 0 0 0 0 1 3 0 0 0 0/0 20:54 5:27 0:00
Ville Pokka 0 0 0 0 0 1 1 0 0 2 0/0 20:54 5:27 0:00
3 Stars
1 - Aidan Mcdonough (Tex)
2 - Daniel O'regan (Tex)
3 - Matt Luff (Tex)
Power Play
Marlies - 0 on 0 Attempt(s) - 0.00%
Little Stars - 3 on 9 Attempt(s) - 33.33%
Penalty Kill
Marlies - 6 on 9 Attempt(s) - 66.67%
- Score 0 goal in Penalty Kill
Little Stars - 0 on 0 Attempt(s) - 0.00%
- Score 0 goal in Penalty Kill
Team Stat
Marlies - Hits : 15 - Faceoff Wins : 29 - Blocked Shots : 11 - Penalty Minutes : 18
Little Stars - Hits : 31 - Faceoff Wins : 34 - Blocked Shots : 11 - Penalty Minutes : 0
Official
Referees : Dan O'Rourke and Mitch Dunning
Linesman : Travis Gawryletz and Jonny Murray
Game Notes
Logan Thompson enters game at 10:10 of 1st period
Finance
Level 1 -- Attendance: 1875 (93.75%) -- Ticket Income $131,250
Level 2 -- Attendance: 864 (86.40%) -- Ticket Income $34,560
Total Attendance: 2739 (91.30%)
Total Ticket Income: $165,810
Other Income: $8,290
Total Income: $174,100
Marlies
5 vs 5 Forward
Center Left Wing Right Wing Time % Phy DF OF
1 Aleksi Saarela Tyler Benson Martin Necas 40 1 2 2
2 Lias Andersson Alex Formenton Mathieu Olivier 30 1 2 2
3 Matthew Highmore Joel Farabee Kole Sherwood 20 1 2 2
4 Isac Lundestrom Hugh McGing Arthur Kaliyev 10 1 2 2
5 vs 5 Defense
Defense Defense Time % Phy DF OF
1 Pierre-Olivier Joseph Lucas Carlsson 40 1 2 2
2 Rasmus Dahlin Keaton Thompson 30 1 2 2
3 Dennis Gilbert Dmitri Samorukov 20 1 2 2
4 Jacob Bernard-Docker Pierre-Olivier Joseph 10 1 2 2
PowerPlay Forward
Center Left Wing Right Wing Time % Phy DF OF
1 Aleksi Saarela Tyler Benson Martin Necas 60 1 2 2
2 Lias Andersson Alex Formenton Mathieu Olivier 40 1 2 2
PowerPlay Defense
Defense Defense Time % Phy DF OF
1 Pierre-Olivier Joseph Lucas Carlsson 60 1 2 2
2 Rasmus Dahlin Keaton Thompson 40 1 2 2
Penalty Kill 4 Players Forward
Center Wing Time % Phy DF OF
1 Aleksi Saarela Tyler Benson 60 1 2 2
2 Martin Necas Mathieu Olivier 40 1 2 2
Penalty Kill 4 Players Defense
Defense Defense Time % Phy DF OF
1 Pierre-Olivier Joseph Lucas Carlsson 60 1 2 2
2 Rasmus Dahlin Keaton Thompson 40 1 2 2
Penalty Kill - 3 Players Forward
Forward Time % Phy DF OF
1 Aleksi Saarela 60 1 2 2
2 Tyler Benson 40 1 2 2
Penalty Kill - 3 Players Defense
Defense Defense Time % Phy DF OF
1 Pierre-Olivier Joseph Lucas Carlsson 60 1 2 2
2 Rasmus Dahlin Keaton Thompson 40 1 2 2
4 vs 4 Forward
Center Wing Time % Phy DF OF
1 Aleksi Saarela Tyler Benson 60 1 2 2
2 Martin Necas Mathieu Olivier 40 1 2 2
4 vs 4 Defense
Defense Defense Time % Phy DF OF
1 Pierre-Olivier Joseph Lucas Carlsson 60 1 2 2
2 Rasmus Dahlin Keaton Thompson 40 1 2 2
Last Minutes Offensive
Center Left Wing Right Wing Defense Defense
Aleksi Saarela Tyler Benson Martin Necas Pierre-Olivier Joseph Lucas Carlsson
Last Minutes Defensive
Center Left Wing Right Wing Defense Defense
Aleksi Saarela Tyler Benson Martin Necas Pierre-Olivier Joseph Lucas Carlsson
Goaltenders
Starting : Maxime Lagace
Backup : Logan Thompson
Extra Forwards
Normal : Otto Koivula, Jakob Forsbacka-Karlsson, Samuel Fagemo - PP : Otto Koivula, Jakob Forsbacka-Karlsson - PK : Samuel Fagemo
Extra Defensemen
Normal : Dennis Gilbert, Dmitri Samorukov, Jacob Bernard-Docker - PP : Dennis Gilbert - PK : Dmitri Samorukov, Jacob Bernard-Docker
Penalty Shots
Aleksi Saarela, Tyler Benson, Martin Necas, Mathieu Olivier, Alex Formenton
Custom OT Lines Forwards
Aleksi Saarela, Tyler Benson, Martin Necas, Mathieu Olivier, Alex Formenton, Joel Farabee, Kole Sherwood, Lias Andersson, Matthew Highmore, Hugh McGing
Custom OT Lines Defensemen
Pierre-Olivier Joseph, Lucas Carlsson, Rasmus Dahlin, Keaton Thompson, Dennis Gilbert
Scratches
Jonathan Gruden (Healthy), Xavier Bernard (Healthy), Blake Murray (Healthy), Veini Vehvilainen (Healthy), Matthew Thiessen (Healthy)
Little Stars
5 vs 5 Forward
Center Left Wing Right Wing Time % Phy DF OF
1 Daniel O'regan Emile Poirier Matt Luff 40 1 2 2
2 Jason Dickinson Jonathan Dahlen Justin Auger 30 1 2 2
3 Filip Chytil Aidan Mcdonough Cal Burke 20 1 2 2
4 Radel Fazleev Rudolfs Balcers Joey Anderson 10 1 2 2
5 vs 5 Defense
Defense Defense Time % Phy DF OF
1 Reece Willcox Samuel Girard 40 1 2 2
2 Tucker Poolman Ville Pokka 30 1 2 2
3 Connor Mackey Lawrence Pilut 20 1 2 2
4 Reece Willcox Samuel Girard 10 1 2 2
PowerPlay Forward
Center Left Wing Right Wing Time % Phy DF OF
1 Daniel O'regan Emile Poirier Matt Luff 60 0 2 3
2 Jason Dickinson Jonathan Dahlen Justin Auger 40 0 2 3
PowerPlay Defense
Defense Defense Time % Phy DF OF
1 Reece Willcox Samuel Girard 60 1 2 2
2 Tucker Poolman Ville Pokka 40 1 2 2
Penalty Kill 4 Players Forward
Center Wing Time % Phy DF OF
1 Daniel O'regan Emile Poirier 60 1 2 2
2 Jason Dickinson Jonathan Dahlen 40 1 2 2
Penalty Kill 4 Players Defense
Defense Defense Time % Phy DF OF
1 Reece Willcox Samuel Girard 60 0 3 2
2 Tucker Poolman Ville Pokka 40 0 3 2
Penalty Kill - 3 Players Forward
Forward Time % Phy DF OF
1 Daniel O'regan 60 1 2 2
2 Jason Dickinson 40 1 2 2
Penalty Kill - 3 Players Defense
Defense Defense Time % Phy DF OF
1 Reece Willcox Samuel Girard 60 0 3 2
2 Tucker Poolman Ville Pokka 40 0 3 2
4 vs 4 Forward
Center Wing Time % Phy DF OF
1 Daniel O'regan Emile Poirier 60 0 2 3
2 Jason Dickinson Jonathan Dahlen 40 0 2 3
4 vs 4 Defense
Defense Defense Time % Phy DF OF
1 Reece Willcox Samuel Girard 60 1 2 2
2 Tucker Poolman Ville Pokka 40 1 2 2
Last Minutes Offensive
Center Left Wing Right Wing Defense Defense
Daniel O'regan Emile Poirier Matt Luff Reece Willcox Samuel Girard
Last Minutes Defensive
Center Left Wing Right Wing Defense Defense
Daniel O'regan Emile Poirier Matt Luff Reece Willcox Samuel Girard
Goaltenders
Starting : Danil Tarasov
Backup : Ilya Konovalov
Extra Forwards
Normal : Justin Auger, Filip Chytil, Radel Fazleev - PP : Justin Auger, Filip Chytil - PK : Justin Auger
Extra Defensemen
Normal : Ville Pokka, Connor Mackey, Lawrence Pilut - PP : Ville Pokka - PK : Ville Pokka, Connor Mackey
Penalty Shots
Daniel O'regan, Matt Luff, Jason Dickinson, Emile Poirier, Justin Auger
Custom OT Lines Forwards
Daniel O'regan, Matt Luff, Jason Dickinson, Emile Poirier, Justin Auger, Filip Chytil, Radel Fazleev, Jonathan Dahlen, Aidan Mcdonough, Cal Burke
Custom OT Lines Defensemen
Reece Willcox, Samuel Girard, Tucker Poolman, Ville Pokka, Connor Mackey
Scratches
Jack McBain (Healthy), Jean-Christophe Beaudin (Healthy), Yakov Trenin (Healthy), Givani Smith (Healthy), Blade Jenkins (Healthy)
Bulat Shafigullin (Healthy), Victor Soderstrom (Healthy), Rhett Pitlick (Healthy), Michael Giugovaz (Healthy)
% Time on Ice - Marlies
Lines # - Real PCT - Wanted PCT - Time Play
Normal Forward
1 - 35% - 40% - 16:24
2 - 31% - 30% - 14:18
3 - 20% - 20% - 9:33
4 - 14% - 10% - 6:35
Normal Defense
1 - 40% - 40% - 18:36
2 - 33% - 30% - 15:18
3 - 19% - 20% - 8:57
4 - 9% - 10% - 3:59
PP Forward
1 - 0% - 60%
2 - 0% - 40%
PP Defense
1 - 0% - 60%
2 - 0% - 40%
PK Forward
1 - 66% - 60% - 8:40
2 - 34% - 40% - 4:30
PK Defense
1 - 58% - 60% - 7:35
2 - 42% - 40% - 5:35
PK3 Forward
1 - 0% - 60%
2 - 0% - 40%
PK3 Defense
1 - 0% - 60%
2 - 0% - 40%
44 Forward
1 - 0% - 60%
2 - 0% - 40%
44 Defense
1 - 0% - 60%
2 - 0% - 40%
Last Minute Offensive - 0:00
Last Minute Defensive - 0:00
Total
Forward - 60:00
Defense - 60:00
|
% Time on Ice - Little Stars
Lines # - Real PCT - Wanted PCT - Time Play
Normal Forward
1 - 36% - 40% - 16:51
2 - 24% - 30% - 11:26
3 - 23% - 20% - 10:43
4 - 17% - 10% - 7:50
Normal Defense
1 - 42% - 40% - 19:29
2 - 33% - 30% - 15:27
3 - 23% - 20% - 10:46
4 - 2% - 10% - 1:08
PP Forward
1 - 62% - 60% - 8:12
2 - 38% - 40% - 4:58
PP Defense
1 - 59% - 60% - 7:43
2 - 41% - 40% - 5:27
PK Forward
1 - 0% - 60%
2 - 0% - 40%
PK Defense
1 - 0% - 60%
2 - 0% - 40%
PK3 Forward
1 - 0% - 60%
2 - 0% - 40%
PK3 Defense
1 - 0% - 60%
2 - 0% - 40%
44 Forward
1 - 0% - 60%
2 - 0% - 40%
44 Defense
1 - 0% - 60%
2 - 0% - 40%
Last Minute Offensive - 0:00
Last Minute Defensive - 0:00
Total
Forward - 60:00
Defense - 60:00
|
Play-by-Play
1st period
0:01 of 1st period - Aleksi Saarela wins face-off versus Daniel O'regan in neutral zone.
0:04 of 1st period - Reece Willcox is hit by Lucas Carlsson and loses puck.
0:58 of 1st period - Wrist shot by Aidan Mcdonough.
0:58 of 1st period - Goal by Aidan Mcdonough - Marlies : 0 - Little Stars : 1.
0:59 of 1st period - Radel Fazleev wins face-off versus Isac Lundestrom in neutral zone.
2:38 of 1st period - Wrist shot by Kole Sherwood.
2:38 of 1st period - Shot Blocked by Lawrence Pilut.
3:33 of 1st period - Minor Penalty to Isac Lundestrom for Roughing.
3:34 of 1st period - Aleksi Saarela wins face-off versus Daniel O'regan in Marlies zone.
4:08 of 1st period - Wrist shot by Jonathan Dahlen.
4:08 of 1st period - Shot Misses the Net.
5:06 of 1st period - Reece Willcox is hit by Tyler Benson.
5:33 of 1st period - Penalty to Isac Lundestrom is over, Isac Lundestrom is back on ice.
6:13 of 1st period - Snap shot by Tucker Poolman.
6:13 of 1st period - Shot Blocked by Dmitri Samorukov.
6:15 of 1st period - Slapshot by Ville Pokka.
6:15 of 1st period - Shot Blocked by Dennis Gilbert.
6:17 of 1st period - Snap shot by Tucker Poolman.
6:17 of 1st period - Stopped by Maxime Lagace without a rebound.
6:18 of 1st period - Lias Andersson wins face-off versus Jason Dickinson in Marlies zone.
6:29 of 1st period - Snap shot by Alex Formenton.
6:29 of 1st period - Shot Misses the Net.
7:26 of 1st period - Off-side.
7:27 of 1st period - Martin Necas wins face-off versus Joey Anderson in neutral zone.
7:32 of 1st period - Snap shot by Aleksi Saarela.
7:32 of 1st period - Stopped by Danil Tarasov with a rebound.
7:34 of 1st period - Snap shot by Aleksi Saarela.
7:34 of 1st period - Stopped by Danil Tarasov without a rebound.
7:35 of 1st period - Daniel O'regan wins face-off versus Martin Necas in Little Stars zone.
7:39 of 1st period - Off-side.
7:40 of 1st period - Daniel O'regan wins face-off versus Tyler Benson in neutral zone.
8:12 of 1st period - Slapshot by Rasmus Dahlin.
8:12 of 1st period - Shot Blocked by Reece Willcox.
8:14 of 1st period - Snap shot by Rasmus Dahlin.
8:14 of 1st period - Stopped by Danil Tarasov with a rebound.
8:30 of 1st period - Rasmus Dahlin is hit by Aidan Mcdonough.
8:50 of 1st period - Wrist shot by Daniel O'regan.
8:50 of 1st period - Shot Blocked by Dennis Gilbert.
8:52 of 1st period - Wrist shot by Matt Luff.
8:52 of 1st period - Goal by Matt Luff - Marlies : 0 - Little Stars : 2.
8:53 of 1st period - Matt Luff wins face-off versus Aleksi Saarela in neutral zone.
9:02 of 1st period - Slapshot by Emile Poirier.
9:02 of 1st period - Stopped by Maxime Lagace without a rebound.
9:03 of 1st period - Daniel O'regan wins face-off versus Aleksi Saarela in Marlies zone.
9:12 of 1st period - Snap shot by Daniel O'regan.
9:12 of 1st period - Stopped by Maxime Lagace without a rebound.
9:13 of 1st period - Aleksi Saarela wins face-off versus Daniel O'regan in Marlies zone.
9:39 of 1st period - Lucas Carlsson is hit by Justin Auger and loses puck.
10:04 of 1st period - Wrist shot by Aidan Mcdonough.
10:04 of 1st period - Goal by Aidan Mcdonough - Marlies : 0 - Little Stars : 3.
10:05 of 1st period - Daniel O'regan wins face-off versus Aleksi Saarela in neutral zone.
10:10 of 1st period - Slapshot by Matt Luff.
10:10 of 1st period - Goal by Matt Luff - Marlies : 0 - Little Stars : 4.
10:10 of 1st period - Logan Thompson enters game.
10:11 of 1st period - Daniel O'regan wins face-off versus Aleksi Saarela in neutral zone.
10:17 of 1st period - Minor Penalty to Keaton Thompson for Hooking.
10:18 of 1st period - Daniel O'regan wins face-off versus Aleksi Saarela in Marlies zone.
11:46 of 1st period - Tyler Benson is hit by Jonathan Dahlen and loses puck.
12:17 of 1st period - Penalty to Keaton Thompson is over, Keaton Thompson is back on ice.
12:18 of 1st period - Wrist shot by Mathieu Olivier.
12:18 of 1st period - Stopped by Danil Tarasov with a rebound.
12:20 of 1st period - Wrist shot by Keaton Thompson.
12:20 of 1st period - Stopped by Danil Tarasov with a rebound.
12:28 of 1st period - Wrist shot by Martin Necas.
12:28 of 1st period - Shot Misses the Net.
12:30 of 1st period - Snap shot by Keaton Thompson.
12:30 of 1st period - Shot Misses the Net.
12:57 of 1st period - Off-side.
12:58 of 1st period - Matthew Highmore wins face-off versus Radel Fazleev in neutral zone.
13:05 of 1st period - Icing by Joey Anderson.
13:06 of 1st period - Matthew Highmore wins face-off versus Radel Fazleev in Little Stars zone.
13:07 of 1st period - Snap shot by Joel Farabee.
13:07 of 1st period - Deflect By Matthew Highmore.
13:07 of 1st period - Goal by Matthew Highmore - Marlies : 1 - Little Stars : 4.
13:08 of 1st period - Aleksi Saarela wins face-off versus Jason Dickinson in neutral zone.
13:23 of 1st period - Snap shot by Martin Necas.
13:23 of 1st period - Stopped by Danil Tarasov with a rebound.
13:33 of 1st period - Rasmus Dahlin is hit by Daniel O'regan and loses puck.
14:28 of 1st period - Slapshot by Martin Necas.
14:28 of 1st period - Shot Misses the Net.
16:04 of 1st period - Wrist shot by Alex Formenton.
16:04 of 1st period - Shot Misses the Net.
16:06 of 1st period - Wrist shot by Alex Formenton.
16:06 of 1st period - Deflect By Mathieu Olivier.
16:06 of 1st period - Stopped by Danil Tarasov with a rebound.
16:08 of 1st period - Snap shot by Alex Formenton.
16:08 of 1st period - Shot Misses the Net.
16:56 of 1st period - Minor Penalty to Pierre-Olivier Joseph for Cross-checking.
16:57 of 1st period - Aleksi Saarela wins face-off versus Daniel O'regan in Marlies zone.
17:23 of 1st period - Slapshot by Tyler Benson.
17:23 of 1st period - Stopped by Danil Tarasov with a rebound.
17:56 of 1st period - Matt Luff is hit by Rasmus Dahlin and loses puck.
18:05 of 1st period - Rasmus Dahlin is hit by Daniel O'regan and loses puck.
18:28 of 1st period - Wrist shot by Daniel O'regan.
18:28 of 1st period - Stopped by Logan Thompson with a rebound.
18:30 of 1st period - Snap shot by Daniel O'regan.
18:30 of 1st period - Stopped by Logan Thompson with a rebound.
18:41 of 1st period - Snap shot by Emile Poirier.
18:41 of 1st period - Stopped by Logan Thompson with a rebound.
18:43 of 1st period - Slapshot by Ville Pokka.
18:43 of 1st period - Shot Misses the Net.
18:45 of 1st period - Snap shot by Tucker Poolman.
18:45 of 1st period - Shot Misses the Net.
18:47 of 1st period - Wrist shot by Daniel O'regan.
18:47 of 1st period - Shot Misses the Net.
18:49 of 1st period - Wrist shot by Emile Poirier.
18:49 of 1st period - Stopped by Logan Thompson with a rebound.
18:51 of 1st period - Slapshot by Daniel O'regan.
18:51 of 1st period - Shot Misses the Net.
18:56 of 1st period - Penalty to Pierre-Olivier Joseph is over, Pierre-Olivier Joseph is back on ice.
19:11 of 1st period - Snap shot by Daniel O'regan.
19:11 of 1st period - Shot Misses the Net.
19:13 of 1st period - Wrist shot by Matt Luff.
19:13 of 1st period - Deflect By Emile Poirier.
19:13 of 1st period - Stopped by Logan Thompson with a rebound.
19:15 of 1st period - Snap shot by Matt Luff.
19:15 of 1st period - Shot Misses the Net.
19:21 of 1st period - Slapshot by Emile Poirier.
19:21 of 1st period - Deflect By Daniel O'regan.
19:21 of 1st period - Shot Misses the Net.
19:21 of 1st period - Puck is out of play.
19:22 of 1st period - Matthew Highmore wins face-off versus Jason Dickinson in Marlies zone.
19:48 of 1st period - Arthur Kaliyev is hit by Lawrence Pilut and loses puck.
Goals for this period are 1 for Marlies vs 4 for Little Stars.
Shots for this period are 9 for Marlies vs 12 for Little Stars.
2nd period
0:01 of 2nd period - Daniel O'regan wins face-off versus Tyler Benson in neutral zone.
0:04 of 2nd period - Tyler Benson is hit by Matt Luff and loses puck.
0:15 of 2nd period - Wrist shot by Aleksi Saarela.
0:15 of 2nd period - Stopped by Danil Tarasov with a rebound.
0:25 of 2nd period - Emile Poirier is hit by Kole Sherwood and loses puck.
0:30 of 2nd period - Wrist shot by Kole Sherwood.
0:30 of 2nd period - Stopped by Danil Tarasov without a rebound.
0:31 of 2nd period - Matthew Highmore wins face-off versus Jason Dickinson in Little Stars zone.
0:54 of 2nd period - Snap shot by Joel Farabee.
0:54 of 2nd period - Shot Misses the Net.
1:04 of 2nd period - Wrist shot by Justin Auger.
1:04 of 2nd period - Shot Blocked by Matthew Highmore.
1:10 of 2nd period - Wrist shot by Jason Dickinson.
1:10 of 2nd period - Shot Misses the Net.
1:12 of 2nd period - Snap shot by Jason Dickinson.
1:12 of 2nd period - Shot Blocked by Pierre-Olivier Joseph.
1:14 of 2nd period - Wrist shot by Lawrence Pilut.
1:14 of 2nd period - Stopped by Logan Thompson with a rebound.
1:16 of 2nd period - Wrist shot by Justin Auger.
1:16 of 2nd period - Shot Misses the Net.
1:18 of 2nd period - Wrist shot by Justin Auger.
1:18 of 2nd period - Stopped by Logan Thompson without a rebound.
1:19 of 2nd period - Aleksi Saarela wins face-off versus Daniel O'regan in Marlies zone.
2:07 of 2nd period - Isac Lundestrom is hit by Rudolfs Balcers and loses puck.
2:26 of 2nd period - Snap shot by Radel Fazleev.
2:26 of 2nd period - Stopped by Logan Thompson with a rebound.
2:53 of 2nd period - Matthew Highmore is hit by Ville Pokka and loses puck.
3:55 of 2nd period - Joey Anderson is hit by Aleksi Saarela.
3:59 of 2nd period - Slapshot by Tyler Benson.
3:59 of 2nd period - Shot Misses the Net.
4:01 of 2nd period - Wrist shot by Dennis Gilbert.
4:01 of 2nd period - Deflect By Aleksi Saarela.
4:01 of 2nd period - Shot Blocked by Connor Mackey.
4:01 of 2nd period - Puck is out of play.
4:02 of 2nd period - Aleksi Saarela wins face-off versus Jason Dickinson in Little Stars zone.
4:03 of 2nd period - Wrist shot by Martin Necas.
4:03 of 2nd period - Shot Hit the Post.
4:05 of 2nd period - Slapshot by Keaton Thompson.
4:05 of 2nd period - Deflect By Aleksi Saarela.
4:05 of 2nd period - Stopped by Danil Tarasov without a rebound.
4:06 of 2nd period - Aleksi Saarela wins face-off versus Jason Dickinson in Little Stars zone.
4:09 of 2nd period - Slapshot by Martin Necas.
4:09 of 2nd period - Shot Blocked by Jason Dickinson.
4:59 of 2nd period - Wrist shot by Kole Sherwood.
4:59 of 2nd period - Shot Misses the Net.
5:01 of 2nd period - Wrist shot by Matthew Highmore.
5:01 of 2nd period - Shot Blocked by Connor Mackey.
5:11 of 2nd period - Filip Chytil is hit by Dennis Gilbert and loses puck.
5:35 of 2nd period - Icing by Lawrence Pilut.
5:36 of 2nd period - Filip Chytil wins face-off versus Lias Andersson in Little Stars zone.
5:43 of 2nd period - Snap shot by Cal Burke.
5:43 of 2nd period - Stopped by Logan Thompson without a rebound.
5:44 of 2nd period - Aleksi Saarela wins face-off versus Daniel O'regan in Marlies zone.
6:09 of 2nd period - Lias Andersson is hit by Jason Dickinson and loses puck.
6:31 of 2nd period - Backhand shot by Joey Anderson.
6:31 of 2nd period - Stopped by Logan Thompson without a rebound.
6:32 of 2nd period - Radel Fazleev wins face-off versus Matthew Highmore in Marlies zone.
6:33 of 2nd period - Slapshot by Samuel Girard.
6:33 of 2nd period - Stopped by Logan Thompson with a rebound.
6:35 of 2nd period - Snap shot by Joey Anderson.
6:35 of 2nd period - Stopped by Logan Thompson without a rebound.
6:36 of 2nd period - Matthew Highmore wins face-off versus Radel Fazleev in Marlies zone.
6:38 of 2nd period - Minor Penalty to Pierre-Olivier Joseph for High sticking.
6:39 of 2nd period - Aleksi Saarela wins face-off versus Daniel O'regan in Marlies zone.
6:53 of 2nd period - Slapshot by Emile Poirier.
6:53 of 2nd period - Stopped by Logan Thompson with a rebound.
6:55 of 2nd period - Snap shot by Daniel O'regan.
6:55 of 2nd period - Deflect By Aleksi Saarela.
6:55 of 2nd period - Shot Misses the Net.
6:55 of 2nd period - Puck is out of play.
6:56 of 2nd period - Aleksi Saarela wins face-off versus Jason Dickinson in Marlies zone.
7:25 of 2nd period - Dmitri Samorukov is hit by Matt Luff and loses puck.
8:38 of 2nd period - Penalty to Pierre-Olivier Joseph is over, Pierre-Olivier Joseph is back on ice.
9:18 of 2nd period - Snap shot by Radel Fazleev.
9:18 of 2nd period - Deflect By Lucas Carlsson.
9:18 of 2nd period - Shot Misses the Net.
9:18 of 2nd period - Puck is out of play.
9:19 of 2nd period - Jason Dickinson wins face-off versus Lias Andersson in Marlies zone.
10:17 of 2nd period - Ville Pokka is hit by Alex Formenton and loses puck.
10:30 of 2nd period - Matt Luff is hit by Aleksi Saarela and loses puck.
10:53 of 2nd period - Joey Anderson is hit by Kole Sherwood and loses puck.
11:00 of 2nd period - Snap shot by Joel Farabee.
11:00 of 2nd period - Goal by Joel Farabee - Marlies : 2 - Little Stars : 4.
11:01 of 2nd period - Aleksi Saarela wins face-off versus Daniel O'regan in neutral zone.
11:26 of 2nd period - Jason Dickinson is hit by Kole Sherwood and loses puck.
11:32 of 2nd period - Off-side.
11:33 of 2nd period - Daniel O'regan wins face-off versus Aleksi Saarela in neutral zone.
11:58 of 2nd period - Jonathan Dahlen is hit by Mathieu Olivier.
12:02 of 2nd period - Snap shot by Jonathan Dahlen.
12:02 of 2nd period - Goal by Jonathan Dahlen - Marlies : 2 - Little Stars : 5.
12:03 of 2nd period - Daniel O'regan wins face-off versus Aleksi Saarela in neutral zone.
12:05 of 2nd period - Samuel Girard is hit by Pierre-Olivier Joseph and loses puck.
12:17 of 2nd period - Minor Penalty to Martin Necas for Tripping.
12:18 of 2nd period - Aleksi Saarela wins face-off versus Daniel O'regan in Marlies zone.
12:26 of 2nd period - Lucas Carlsson is hit by Daniel O'regan and loses puck.
12:55 of 2nd period - Slapshot by Samuel Girard.
12:55 of 2nd period - Shot Misses the Net.
14:17 of 2nd period - Penalty to Martin Necas is over, Martin Necas is back on ice.
14:22 of 2nd period - Isac Lundestrom is hit by Aidan Mcdonough and loses puck.
14:47 of 2nd period - Slapshot by Kole Sherwood.
14:47 of 2nd period - Stopped by Danil Tarasov with a rebound.
14:49 of 2nd period - Wrist shot by Kole Sherwood.
14:49 of 2nd period - Stopped by Danil Tarasov with a rebound.
15:55 of 2nd period - Ville Pokka is hit by Jacob Bernard-Docker.
16:26 of 2nd period - Rasmus Dahlin is hit by Rudolfs Balcers and loses puck.
16:59 of 2nd period - Rudolfs Balcers is hit by Tyler Benson and loses puck.
17:22 of 2nd period - Isac Lundestrom is hit by Tucker Poolman.
17:28 of 2nd period - Keaton Thompson is hit by Radel Fazleev and loses puck.
17:45 of 2nd period - Slapshot by Tucker Poolman.
17:45 of 2nd period - Deflect By Joey Anderson.
17:45 of 2nd period - Shot Blocked by Jacob Bernard-Docker.
17:45 of 2nd period - Puck is out of play.
17:46 of 2nd period - Daniel O'regan wins face-off versus Aleksi Saarela in Marlies zone.
17:59 of 2nd period - Slapshot by Daniel O'regan.
17:59 of 2nd period - Stopped by Logan Thompson with a rebound.
18:01 of 2nd period - Slapshot by Emile Poirier.
18:01 of 2nd period - Shot Misses the Net.
18:19 of 2nd period - Snap shot by Jonathan Dahlen.
18:19 of 2nd period - Stopped by Logan Thompson without a rebound.
18:20 of 2nd period - Daniel O'regan wins face-off versus Aleksi Saarela in Marlies zone.
18:21 of 2nd period - Slapshot by Matt Luff.
18:21 of 2nd period - Shot Blocked by Martin Necas.
18:54 of 2nd period - Lucas Carlsson is hit by Tucker Poolman and loses puck.
19:12 of 2nd period - Icing by Aidan Mcdonough.
19:13 of 2nd period - Aleksi Saarela wins face-off versus Filip Chytil in Little Stars zone.
19:44 of 2nd period - Wrist shot by Daniel O'regan.
19:44 of 2nd period - Shot Blocked by Lias Andersson.
19:46 of 2nd period - Slapshot by Ville Pokka.
19:46 of 2nd period - Stopped by Logan Thompson with a rebound.
Goals for this period are 1 for Marlies vs 1 for Little Stars.
Shots for this period are 6 for Marlies vs 12 for Little Stars.
3rd period
0:01 of 3rd period - Daniel O'regan wins face-off versus Aleksi Saarela in neutral zone.
0:04 of 3rd period - Lucas Carlsson is hit by Matt Luff and loses puck.
0:13 of 3rd period - Wrist shot by Pierre-Olivier Joseph.
0:13 of 3rd period - Shot Blocked by Matt Luff.
0:15 of 3rd period - Slapshot by Aleksi Saarela.
0:15 of 3rd period - Stopped by Danil Tarasov with a rebound.
0:27 of 3rd period - Lucas Carlsson is hit by Samuel Girard and loses puck.
0:48 of 3rd period - Wrist shot by Joel Farabee.
0:48 of 3rd period - Stopped by Danil Tarasov with a rebound.
0:56 of 3rd period - Matthew Highmore is hit by Tucker Poolman.
1:29 of 3rd period - Snap shot by Lawrence Pilut.
1:29 of 3rd period - Stopped by Logan Thompson with a rebound.
1:31 of 3rd period - Slapshot by Radel Fazleev.
1:31 of 3rd period - Shot Misses the Net.
1:33 of 3rd period - Wrist shot by Joey Anderson.
1:33 of 3rd period - Shot Blocked by Dmitri Samorukov.
1:35 of 3rd period - Snap shot by Rudolfs Balcers.
1:35 of 3rd period - Deflect By Radel Fazleev.
1:35 of 3rd period - Shot Misses the Net.
1:35 of 3rd period - Puck is out of play.
1:36 of 3rd period - Jason Dickinson wins face-off versus Aleksi Saarela in Marlies zone.
1:37 of 3rd period - Wrist shot by Jonathan Dahlen.
1:37 of 3rd period - Stopped by Logan Thompson without a rebound.
1:38 of 3rd period - Aleksi Saarela wins face-off versus Jason Dickinson in Marlies zone.
1:47 of 3rd period - Snap shot by Aleksi Saarela.
1:47 of 3rd period - Shot Hit the Post.
1:49 of 3rd period - Snap shot by Aleksi Saarela.
1:49 of 3rd period - Stopped by Danil Tarasov without a rebound.
1:50 of 3rd period - Daniel O'regan wins face-off versus Aleksi Saarela in Little Stars zone.
1:52 of 3rd period - Icing by Matt Luff.
1:53 of 3rd period - Daniel O'regan wins face-off versus Aleksi Saarela in Little Stars zone.
3:47 of 3rd period - Snap shot by Mathieu Olivier.
3:47 of 3rd period - Shot Misses the Net.
3:49 of 3rd period - Wrist shot by Alex Formenton.
3:49 of 3rd period - Deflect By Mathieu Olivier.
3:49 of 3rd period - Shot Misses the Net.
3:49 of 3rd period - Puck is out of play.
3:50 of 3rd period - Daniel O'regan wins face-off versus Mathieu Olivier in Little Stars zone.
4:03 of 3rd period - Wrist shot by Daniel O'regan.
4:03 of 3rd period - Deflect By Matt Luff.
4:03 of 3rd period - Shot Misses the Net.
4:03 of 3rd period - Puck is out of play.
4:04 of 3rd period - Daniel O'regan wins face-off versus Aleksi Saarela in Marlies zone.
4:11 of 3rd period - Martin Necas is hit by Daniel O'regan.
4:29 of 3rd period - Pierre-Olivier Joseph is hit by Aidan Mcdonough and loses puck.
4:42 of 3rd period - Snap shot by Samuel Girard.
4:42 of 3rd period - Shot Blocked by Lucas Carlsson.
4:58 of 3rd period - Slapshot by Pierre-Olivier Joseph.
4:58 of 3rd period - Shot Misses the Net.
6:00 of 3rd period - Minor Penalty to Mathieu Olivier for Roughing.
6:01 of 3rd period - Jason Dickinson wins face-off versus Aleksi Saarela in Marlies zone.
6:11 of 3rd period - Slapshot by Samuel Girard.
6:11 of 3rd period - Goal by Samuel Girard - Marlies : 2 - Little Stars : 6.
6:12 of 3rd period - Daniel O'regan wins face-off versus Aleksi Saarela in neutral zone.
6:27 of 3rd period - Snap shot by Aleksi Saarela.
6:27 of 3rd period - Deflect By Tyler Benson.
6:27 of 3rd period - Shot Blocked by Samuel Girard.
6:27 of 3rd period - Puck is out of play.
6:28 of 3rd period - Jason Dickinson wins face-off versus Lias Andersson in Little Stars zone.
6:39 of 3rd period - Wrist shot by Lias Andersson.
6:39 of 3rd period - Stopped by Danil Tarasov with a rebound.
7:21 of 3rd period - Filip Chytil is hit by Joel Farabee and loses puck.
7:38 of 3rd period - Arthur Kaliyev is hit by Joey Anderson and loses puck.
8:03 of 3rd period - Snap shot by Mathieu Olivier.
8:03 of 3rd period - Shot Misses the Net.
8:28 of 3rd period - Minor Penalty to Dmitri Samorukov for Tripping.
8:29 of 3rd period - Daniel O'regan wins face-off versus Aleksi Saarela in Marlies zone.
8:30 of 3rd period - Snap shot by Samuel Girard.
8:30 of 3rd period - Stopped by Logan Thompson with a rebound.
8:32 of 3rd period - Slapshot by Reece Willcox.
8:32 of 3rd period - Stopped by Logan Thompson without a rebound.
8:33 of 3rd period - Daniel O'regan wins face-off versus Aleksi Saarela in Marlies zone.
8:38 of 3rd period - Snap shot by Emile Poirier.
8:38 of 3rd period - Goal by Emile Poirier - Marlies : 2 - Little Stars : 7.
8:39 of 3rd period - Daniel O'regan wins face-off versus Aleksi Saarela in neutral zone.
9:07 of 3rd period - Slapshot by Jason Dickinson.
9:07 of 3rd period - Stopped by Logan Thompson with a rebound.
9:17 of 3rd period - Snap shot by Lias Andersson.
9:17 of 3rd period - Shot Misses the Net.
9:54 of 3rd period - Slapshot by Samuel Girard.
9:54 of 3rd period - Shot Misses the Net.
9:56 of 3rd period - Snap shot by Radel Fazleev.
9:56 of 3rd period - Stopped by Logan Thompson with a rebound.
10:53 of 3rd period - Slapshot by Joel Farabee.
10:53 of 3rd period - Stopped by Danil Tarasov with a rebound.
10:56 of 3rd period - Icing by Connor Mackey.
10:57 of 3rd period - Filip Chytil wins face-off versus Tyler Benson in Little Stars zone.
11:08 of 3rd period - Backhand shot by Filip Chytil.
11:08 of 3rd period - Stopped by Logan Thompson with a rebound.
11:10 of 3rd period - Slapshot by Connor Mackey.
11:10 of 3rd period - Stopped by Logan Thompson without a rebound.
11:11 of 3rd period - Aleksi Saarela wins face-off versus Daniel O'regan in Marlies zone.
11:43 of 3rd period - Wrist shot by Lias Andersson.
11:43 of 3rd period - Stopped by Danil Tarasov with a rebound.
11:45 of 3rd period - Snap shot by Mathieu Olivier.
11:45 of 3rd period - Shot Blocked by Jonathan Dahlen.
11:47 of 3rd period - Wrist shot by Alex Formenton.
11:47 of 3rd period - Shot Misses the Net.
12:05 of 3rd period - Wrist shot by Aidan Mcdonough.
12:05 of 3rd period - Shot Blocked by Keaton Thompson.
12:27 of 3rd period - Tyler Benson is hit by Lawrence Pilut and loses puck.
12:56 of 3rd period - Minor Penalty to Lias Andersson for High sticking.
12:57 of 3rd period - Aleksi Saarela wins face-off versus Daniel O'regan in Marlies zone.
13:08 of 3rd period - Wrist shot by Daniel O'regan.
13:08 of 3rd period - Stopped by Logan Thompson without a rebound.
13:09 of 3rd period - Daniel O'regan wins face-off versus Aleksi Saarela in Marlies zone.
13:14 of 3rd period - Snap shot by Matt Luff.
13:14 of 3rd period - Shot Misses the Net.
13:26 of 3rd period - Tyler Benson is hit by Daniel O'regan and loses puck.
13:39 of 3rd period - Slapshot by Samuel Girard.
13:39 of 3rd period - Deflect By Matt Luff.
13:39 of 3rd period - Stopped by Logan Thompson with a rebound.
13:51 of 3rd period - Slapshot by Samuel Girard.
13:51 of 3rd period - Goal by Samuel Girard - Marlies : 2 - Little Stars : 8.
13:52 of 3rd period - Aleksi Saarela wins face-off versus Jason Dickinson in neutral zone.
14:03 of 3rd period - Slapshot by Pierre-Olivier Joseph.
14:03 of 3rd period - Shot Misses the Net.
14:17 of 3rd period - Lias Andersson is hit by Filip Chytil and loses puck.
14:46 of 3rd period - Wrist shot by Joel Farabee.
14:46 of 3rd period - Goal by Joel Farabee - Marlies : 3 - Little Stars : 8.
14:47 of 3rd period - Daniel O'regan wins face-off versus Aleksi Saarela in neutral zone.
15:12 of 3rd period - Keaton Thompson is hit by Jason Dickinson.
15:21 of 3rd period - Minor Penalty to Dennis Gilbert for Tripping.
15:22 of 3rd period - Daniel O'regan wins face-off versus Aleksi Saarela in Marlies zone.
15:48 of 3rd period - Tyler Benson is hit by Jason Dickinson and loses puck.
15:59 of 3rd period - Wrist shot by Jonathan Dahlen.
15:59 of 3rd period - Stopped by Logan Thompson without a rebound.
16:00 of 3rd period - Daniel O'regan wins face-off versus Martin Necas in Marlies zone.
16:31 of 3rd period - Slapshot by Jonathan Dahlen.
16:31 of 3rd period - Stopped by Logan Thompson without a rebound.
16:32 of 3rd period - Daniel O'regan wins face-off versus Aleksi Saarela in Marlies zone.
17:21 of 3rd period - Penalty to Dennis Gilbert is over, Dennis Gilbert is back on ice.
17:21 of 3rd period - Tyler Benson is hit by Daniel O'regan.
18:06 of 3rd period - Snap shot by Aleksi Saarela.
18:06 of 3rd period - Stopped by Danil Tarasov without a rebound.
18:07 of 3rd period - Lias Andersson wins face-off versus Daniel O'regan in Little Stars zone.
18:07 of 3rd period - Pierre-Olivier Joseph is hit by Samuel Girard and loses puck.
18:12 of 3rd period - Slapshot by Pierre-Olivier Joseph.
18:12 of 3rd period - Stopped by Danil Tarasov with a rebound.
18:14 of 3rd period - Slapshot by Pierre-Olivier Joseph.
18:14 of 3rd period - Stopped by Danil Tarasov with a rebound.
18:16 of 3rd period - Slapshot by Pierre-Olivier Joseph.
18:16 of 3rd period - Shot Misses the Net.
18:18 of 3rd period - Slapshot by Pierre-Olivier Joseph.
18:18 of 3rd period - Shot Blocked by Daniel O'regan.
18:20 of 3rd period - Slapshot by Pierre-Olivier Joseph.
18:20 of 3rd period - Stopped by Danil Tarasov without a rebound.
18:21 of 3rd period - Lias Andersson wins face-off versus Daniel O'regan in Little Stars zone.
18:22 of 3rd period - Slapshot by Rasmus Dahlin.
18:22 of 3rd period - Shot Misses the Net.
18:24 of 3rd period - Snap shot by Mathieu Olivier.
18:24 of 3rd period - Shot Blocked by Daniel O'regan.
18:26 of 3rd period - Slapshot by Keaton Thompson.
18:26 of 3rd period - Stopped by Danil Tarasov without a rebound.
18:27 of 3rd period - Lias Andersson wins face-off versus Daniel O'regan in Little Stars zone.
18:30 of 3rd period - Slapshot by Rasmus Dahlin.
18:30 of 3rd period - Shot Misses the Net.
18:32 of 3rd period - Snap shot by Mathieu Olivier.
18:32 of 3rd period - Shot Misses the Net.
18:34 of 3rd period - Snap shot by Lias Andersson.
18:34 of 3rd period - Shot Misses the Net.
18:36 of 3rd period - Slapshot by Keaton Thompson.
18:36 of 3rd period - Deflect By Mathieu Olivier.
18:36 of 3rd period - Shot Blocked by Daniel O'regan.
18:36 of 3rd period - Puck is out of play.
18:37 of 3rd period - Lias Andersson wins face-off versus Daniel O'regan in Little Stars zone.
18:54 of 3rd period - Pierre-Olivier Joseph is hit by Daniel O'regan and loses puck.
19:54 of 3rd period - Wrist shot by Aleksi Saarela.
19:54 of 3rd period - Shot Misses the Net.
Goals for this period are 1 for Marlies vs 3 for Little Stars.
Shots for this period are 12 for Marlies vs 15 for Little Stars.